 Dungeon Crawl Stone Soup version 0.27.1 (webtiles) character file.

Game seed: 18163179858114762747

4 hilljack the Digger (level 1, -1/12 HPs)
             Began as a Gargoyle Earth Elementalist on Sept 4, 2021.
             Slain by a quokka (4 damage)
             ... on level 1 of the Dungeon.
             The game lasted 00:00:24 (170 turns).

hilljack the Digger (Gargoyle Earth Elementalist)    Turns: 170, Time: 00:00:25

Health: -1/12      AC:  4    Str: 11    XL:     1   Next: 60%
Magic:  3/3        EV: 11    Int: 15    God:
Gold:   28         SH:  0    Dex: 10    Spells: 3/4 levels left

rFire    . . .     SeeInvis .   a - +0 short sword
rCold    . . .     Faith    .   (no shield)
rNeg     + . .     Spirit   .   b - +0 robe
rPois    ∞         Reflect  .   (no helmet)
rElec    +         Harm     .   (no cloak)
rCorr    .         Rampage  .   (no gloves)
Will     .....                  (no boots)
Stlth    ++........             (no amulet)
HPRegen  0.04/turn              (no ring)
MPRegen  0.08/turn              (no ring)

@: no status effects
A: sickness immunity, AC +2, negative energy resistance 1, electricity
resistance, torment resistance 1, petrification resistance
a: no special abilities


You were on level 1 of the Dungeon.
You visited 1 branch of the dungeon, and saw 1 of its levels.

You collected 28 gold pieces.

Inventory:

Hand Weapons
 a - a +0 short sword (weapon)
Missiles
 c - 27 stones
Armour
 b - a +0 robe (worn)


   Skills:
 + Level 1.2 Fighting
 - Level 1.5 Dodging
 - Level 2.1 Stealth
 - Level 2.0 Spellcasting
 - Level 0.7 Transmutations
 - Level 3.6 Earth Magic


You had 3 spell levels left.
You knew the following spells:

 Your Spells              Type           Power      Damage    Failure   Level
a - Sandblast             Erth           24%        2d8       4%          1

Your spell library contained the following spells:

 Spells                   Type           Power      Damage    Failure   Level
 Passwall                 Tmut/Erth      6%         N/A       14%         2
 Stone Arrow              Conj/Erth      12%        3d7       32%         3
 Petrify                  Tmut/Erth      8%         N/A       65%         4


Dungeon Overview and Level Annotations

Branches:
Dungeon (1/15)

Altars:


Innate Abilities, Weirdness & Mutations

You are immune to sickness and miasma.
Your stone body is resilient. (AC +2)
You are immune to poison.
You resist negative energy. (rN+)
You are resistant to electric shocks. (rElec)
You are resistant to unholy torment.
You are immune to petrification.


Message History

The bat barely misses you. The bat closely misses you.
You completely miss the bat. The bat barely misses you.
You barely miss the bat. The bat closely misses you.
The bat barely misses you. x2
You barely miss the bat. The bat hits you but does no damage.
The bat barely misses you. The bat hits you but does no damage.
You closely miss the bat. The bat hits you but does no damage.
The bat barely misses you. x2
You hit the bat.
You kill the bat!
No target in view!
You start resting.
HP restored.
You start resting.
Magic restored.
You now have 12 gold pieces.
You see here 12 bolts.
You open the door.
There is an open door here.
Found 10 gold pieces.
You now have 22 gold pieces (gained 10).
Found 6 gold pieces.
You now have 28 gold pieces (gained 6).
A quokka comes into view.
A hobgoblin comes into view.
The quokka closely misses you.
You hit the quokka.
The quokka is almost dead.
The quokka bites you.
You miss the quokka.
The quokka is almost dead.
The quokka barely misses you. x2
You miss the quokka.
The quokka is almost dead.
The quokka bites you.
You barely miss the quokka.
The quokka is almost dead.
The quokka bites you.
* * * LOW HITPOINT WARNING * * *
The quokka bites you.
You die...

#.... #######...##.#
#.#.#####....#.(..##.#
####.#.....#.##.#.###...##
.........................#
####.#...#.#.#..#..##†##.#
#.##..#.#.#..#...####.#
####†##..#.#.#.###.......#
...#.###.#.#.#.####.######
.........#.#.#..@r#.#
.....###...#.#.##.#.#
###....#........ .#.#
###.##.#..####.# .#.#
.##.. .#... ..# .#.#
.##..# # #.# g#.# .##..#
#.# .#.. ###.## #. .# #..


You could see a quokka and a hobgoblin (asleep).

Vanquished Creatures
  2 jackals (D:1)
  A bat (D:1)
  A kobold (D:1)
4 creatures vanquished.

Notes
Turn   | Place    | Note
-------+----------+-------------------------------------------
     0 | D:1      | hilljack the Gargoyle Earth Elementalist began the quest
                  | for the Orb.
     0 | D:1      | Reached XP level 1. HP: 10/10 MP: 3/3
    61 | D:1      | Reached skill level 1 in Fighting
   170 | D:1      | Slain by a quokka

Illustrated notes

Levels and vault maps discovered:
D:1:      dpeg_arrival_simpleton_b, layout_basic

Skill      XL: |  1 |
---------------+----+-----
Fighting       | 1 |  1.2
Dodging        | |  1.5
Stealth        | |  2.1
Spellcasting   | |  2.0
Transmutations | |  0.7
Earth Magic    | |  3.6

Action                   || total
-------------------------++-------
Melee: Short sword       ||    12
 Cast: Sandblast         ||     3
Armor: Robe              ||     7
Dodge: Dodged            ||    16
